 Dungeon Crawl Stone Soup version 0.30-a0-368-g86fb4627a9 (webtiles) character file.

Game seed: 13247397682275303409

33 qeuew the Shield-Bearer (level 3, 0/19 HPs)
             Began as a Vine Stalker Fighter on Nov 18, 2022.
             Killed from afar by Ijyb (10 damage)
             ... with a bolt of acid
             ... on level 2 of the Dungeon.
             The game lasted 00:01:28 (1209 turns).

qeuew the Shield-Bearer (Vine Stalker Fighter)      Turns: 1209, Time: 00:01:28

Health: 0/19       AC:  2    Str: 18    XL:     3   Next: 29%
Magic:  0/6        EV:  9    Int:  8    God:
Gold:   106        SH:  5    Dex: 15    Spells: 5/5 levels left

rFire   . . .      SeeInvis +    a - +0 war axe
rCold   . . .      Faith    .    c - +0 buckler
rNeg    . . .      Spirit   +    b - +0 scale mail
rPois   +          Reflect  .    (no helmet)
rElec   .          Harm     .    (no cloak)
rCorr   .          Rampage  .    (no gloves)
Will    .....                    (no boots)
Stlth   ..........               (no amulet)
HPRegen 0.23/turn                l - ring of poison resistance
MPRegen 0.10/turn                f - ring of see invisible

@: corroded
A: fangs 2, magic shield, antimagic bite, no potion heal 2
a: no special abilities


You were on level 2 of the Dungeon.
You visited 1 branch of the dungeon, and saw 2 of its levels.

You collected 106 gold pieces.

Inventory:

Hand Weapons
 a - a +0 war axe (weapon)
Armour
 b - a +0 scale mail (worn)
 c - a +0 buckler (worn)
Jewellery
 e - a ring of willpower
 f - a ring of see invisible (right hand)
 l - a ring of poison resistance (left hand)
Scrolls
 i - 2 scrolls of summoning
Potions
 d - a potion of might
 g - a potion of cancellation {unknown}
 h - a potion of magic
 j - a potion of brilliance {unknown}
 m - 2 potions of curing
 o - a potion of ambrosia


   Skills:
 + Level 2.8 Fighting
 + Level 2.0 Axes
 + Level 2.5 Armour
 + Level 0.4 Dodging
 + Level 2.8 Shields
 * Level 1.7 Spellcasting


You had 5 spell levels left.
You didn't know any spells.
Your spell library contained the following spells:

 Spells                   Type           Power      Damage    Failure   Level
 Animate Dead             Necr           0%         N/A       100%        4
 Borgnjor's Vile Clutch   Necr/Erth      0%         N/A       100%        5
 Death Channel            Necr           0%         N/A       100%        6


Dungeon Overview and Level Annotations

Branches:
Dungeon (2/15)

Altars:

Annotations:
D:2 Ijyb


Innate Abilities, Weirdness & Mutations

You have extremely sharp teeth.
When hurt, damage is shared between your health and your magic reserves.
Your bite disrupts and absorbs the magic of your enemies.
Potions cannot restore your health.


Message History

The goblin is severely wounded.
You hit Ijyb. You hit the goblin. You barely miss the goblin.
You block the goblin's attack. Ijyb closely misses you.
The goblin hits you but does no damage. x2; The goblin hits you with a +0 club.
The goblin closely misses you. The goblin completely misses you.
Ijyb barely misses you.
You hit the goblin but do no damage. Your bite misses the goblin.
The goblin is heavily wounded.
You hit the goblin.
You kill the goblin!
You closely miss Ijyb. You barely miss the goblin. You hit the goblin.
You block the goblin's attack. The goblin hits you but does no damage.
Ijyb screams, "You nasty!
Big nasty!"
Ijyb hits you with a +2 dagger of flaming.
Ijyb burns you. The goblin closely misses you.
You slash the goblin!
You kill the goblin!
You hit Ijyb but do no damage. You slash the goblin!
You kill the goblin!
You hit the goblin.
You kill the goblin!
Ijyb barely misses you.
You closely miss Ijyb.
Ijyb is lightly wounded.
Ijyb zaps a wand.
The bolt of acid misses you.
Ijyb zaps a wand.
The bolt of acid misses you.
You barely miss Ijyb. You bite Ijyb. You drain her power.
You feel invigorated.
Ijyb is moderately wounded.
Ijyb zaps a wand.
The bolt of acid misses you.
You closely miss Ijyb. You bite Ijyb. You drain her power.
Ijyb is moderately wounded.
You block Ijyb's attack. Ijyb barely misses you.
You hit Ijyb but do no damage.
Ijyb is moderately wounded.
Ijyb zaps a wand.
The bolt of acid hits you! The acid corrodes you!
You hit Ijyb.
Ijyb is heavily wounded.
Ijyb zaps a wand.
The bolt of acid hits you!
Ouch! That really hurt!
You die...

....... ########........
.8.8.8.8.........
..........#.#.#.)#
=.................
..................
).....g)).........
......)@.........#
.8.8.8)8..........
########.........###.
##............
#..###...#.#.
##############.<###.......
..#
#.........#...............
..#
#.........#.....#.......#
..#
#.......<.#.....###..##.#


You could see Ijyb.

Vanquished Creatures
  A dart slug (D:1)
  2 bats
  3 endoplasms
  3 giant cockroaches
  8 goblins
  2 hobgoblins
  3 ball pythons
  A frilled lizard (D:1)
  2 kobolds
  A rat (D:1)
26 creatures vanquished.

Vanquished Creatures (collateral kills)
  A rat (D:1)
1 creature vanquished.

Grand Total: 27 creatures vanquished

Notes
Turn   | Place    | Note
-------+----------+-------------------------------------------
     0 | D:1      | qeuew the Vine Stalker Fighter began the quest for the Orb.
     0 | D:1      | Reached XP level 1. HP: 11/11 MP: 2/2
   359 | D:1      | Reached XP level 2. HP: 16/16 MP: 4/4
   481 | D:1      | Reached skill level 1 in Spellcasting
   796 | D:1      | Found a faded altar of an unknown god.
  1151 | D:2      | Reached XP level 3. HP: 19/19 MP: 6/6
  1197 | D:2      | Noticed Ijyb
  1209 | D:2      | Killed from afar by Ijyb

Illustrated notes

Levels and vault maps discovered:
D:1:      elethiomel_arrival_maze, layout_basic,
          dreamdust_ecumenical_altar_statues, hex_medium, minmay_pentomino_p4
D:2:      kennysheep_the_goblin_king, layout_basic

Skill      XL: |  1  2  3 |
---------------+----------+-----
Spellcasting   | 1 |  1.7
Axes           | 2 |  2.0
Fighting       | |  2.8
Armour         | |  2.5
Dodging        | |  0.4
Shields        | |  2.8

Action                   || total
-------------------------++-------
Melee: War axe           ||    58
       Bite              ||     6
  Use: Scroll            ||     4
       Potion            ||     3
Armor: Scale mail        ||    37
Dodge: Dodged            ||    26
Block: Buckler           ||    18

Table legend: (Time is in decaauts)
 A = Elapsed time spent in this place.
 B = Non-inter-level travel time spent in this place.
 C = Inter-level travel time spent in this place.
 D = Time resting spent in this place.
 E = Time spent auto-exploring this place.
 F = Levels seen in this place.
 G = Mean time per level.
                   A        B        C        D        E       F      G
               +--------+--------+--------+--------+--------+-----+--------+
         Total |   1231 |   1171 |     60 |      0 |    990 |   2 |  615.5 |
       Dungeon |   1231 |   1171 |     60 |      0 |    990 |   2 |  615.5 |
               +--------+--------+--------+--------+--------+-----+--------+

Top non-repeatable levels by time:
     D:1: 989 daAuts
     D:2: 242 daAuts
